 Dungeon Sprint DCSS version 0.31-a0-358-gac0dbeb3ab (webtiles) character file.

Game seed: 17735345063807897544

75 Conn the Firebug (level 4, -15/27 HPs)
             Began as an Octopode Fire Elementalist on July 26, 2023.
             Demolished by a human
             ... wielding a +0 mace
              (24 damage)
             ... in the Dungeon (Sprint III: "The Ten Rune Challenge").
             The game lasted 00:02:38 (322 turns).

Conn the Firebug (Octopode Fire Elementalist)        Turns: 322, Time: 00:02:41

Health: -15/27     AC:  1    Str:  7    XL:     4   Next: 31%
Magic:  6/10       EV: 13    Int: 19    God:
Gold:   14         SH:  0    Dex: 12    Spells: 5/11 levels left

rFire   . . .        i - +2 quarterstaff (chaos)
rCold   . . .        (shield currently unavailable)
rNeg    . . .        (helmet restricted)
rPois   .            (no amulet)
rElec   .            (no ring)
rCorr   .            (no ring)
SInv    .            (no ring)
Will    .....        (no ring)
Stlth   +++          (no ring)
HPRegen 0.24/turn    (no ring)
MPRegen 0.12/turn    (no ring)
                     (no ring)

%: no teleportation
@: hasted, very quick
A: almost no armour, amphibious, 8 rings, camouflage 1, gelatinous body 1,
(nimble swimmer 1), tentacles
a: no special abilities


You were in the Dungeon.
You visited 1 branch You collected 14 gold pieces.

Inventory:

Hand Weapons
 h - a +0 dagger
 i - a +2 quarterstaff of chaos (weapon)
Scrolls
 f - a scroll of blinking
 g - a scroll of fog {unknown}
 j - a scroll of poison {unknown}
 k - 3 scrolls of immolation {unknown}
 m - a scroll of torment {unknown}
 n - a scroll of identify {unknown}
Potions
 a - 2 potions of magic
 b - 2 potions of curing
 c - a potion of heal wounds
 e - a potion of berserk rage
 l - a potion of enlightenment {unknown}
 o - a potion of invisibility {unknown}
 p - 4 potions of mutation


   Skills:
 + Level 3.2 Dodging
 + Level 4.2 Stealth
 + Level 4.0 Spellcasting
 + Level 1.3 Conjurations
 + Level 6.7 Fire Magic


You had 5 spell levels left.
You knew the following spells:

 Your Spells              Type           Power      Damage    Failure   Level
a - Foxfire               Conj/Fire      76%        2x1d7     2%          1
b - Scorch                Fire           58%        2d7       1%          2
c - Inner Flame           Hex/Fire       16%        N/A       11%         3

Your spell library contained the following spells:

 Spells                   Type           Power      Damage    Failure   Level
 Volatile Blastmotes      Fire/Tloc      32%        2d12      11%         3
 Flame Wave               Conj/Fire      19%        2d7       26%         4


Dungeon Overview and Level Annotations

Branches:
Dungeon (1/1)

Altars:


Innate Abilities, Weirdness & Mutations

You cannot wear most types of armour.
You are amphibious.
You can wear up to eight rings at the same time.
Your skin changes colour to match your surroundings (Stealth+).
Your rubbery body absorbs attacks. (AC +1, EV +1)
((You are camouflaged when in or above water. (Stealth+)))
You have tentacles for arms and can constrict up to eight enemies at once.


Message History

Unknown command.
Okay, then.
Unknown command.
Unknown command.
Okay, then.
Unknown command.
Unknown command.
Casting: Inner Flame (quite dangerous; 11% risk of failure)
Confirm with . or Enter, or press ? or * to list all spells.
Flames lash the water elemental.
The water elemental is burned terribly!
The water elemental is moderately damaged.
The water elemental's fire resistance burns away.
The human closely misses you.
The water elemental is engulfed in a cloud of scalding steam.
Casting: Scorch (safe; 1% risk of failure)
Confirm with . or Enter, or press ? or * to list all spells.
Flames lash the human.
The human is lightly wounded.
The human's fire resistance burns away.
The human barely misses you.
Unknown command.
Casting: Scorch (safe; 1% risk of failure)
Confirm with . or Enter, or press ? or * to list all spells.
Flames lash the water elemental.
The water elemental is burned terribly!
The water elemental is almost destroyed.
The human closely misses you. Magic courses through your body.
The human closely misses you.
Casting: Scorch (safe; 1% risk of failure)
Confirm with . or Enter, or press ? or * to list all spells.
Flames lash the human.
The human is burned terribly!
The human is moderately wounded.
The human hits you with a +0 mace!!
Ouch! That really hurt!
Unknown command.
Casting: Scorch (safe; 1% risk of failure)
Confirm with . or Enter, or press ? or * to list all spells.
Flames lash the human.
The human is burned terribly!
The human is heavily wounded.
The human hits you with a +0 mace!!
Ouch! That really hurt!
You die...

▓▓▓▓▓▓▓▓ ▓▓▓ <..#...####
##.# ...#......#####..#
..##.....[.#..#..#
##.##.##...#..#..# #+#'#
##.##.###†.##'#..#p.....
#.####.##..###..@pE⌠§...
.###..##..####...#.§.###
#.....##†.###....# ⌠.#
###..##...##.....# .#
##..##....#.[....# #
#..###..##.#.....# #[.#
#..#####....# ▓▓▓▓ ▓▓▓▓
▓▓▓▓▓▓


You could see a water elemental (combustible) and 2 humans.

Vanquished Creatures
  Crazy Yiuf (D)
  Jessica (D)
  A human (D)
  An endoplasm (D)
  2 rats (D)
6 creatures vanquished.

Vanquished Creatures (others)
  12 foxfires (D)
12 creatures vanquished.

Grand Total: 18 creatures vanquished

Notes
Turn   | Place    | Note
-------+----------+-------------------------------------------
     0 | D        | Conn the Octopode Fire Elementalist began the quest for the
                  | Orb.
     0 | D        | Reached XP level 1. HP: 11/11 MP: 3/3
    44 | D        | Noticed Jessica
    48 | D        | Killed Jessica
    49 | D        | Reached skill level 5 in Fire Magic
    49 | D        | Reached XP level 2. HP: 17/17 MP: 0/6
    49 | D        | Reached XP level 3. HP: 21/21 MP: 0/7
   120 | D        | Learned a level 2 spell: Scorch
   124 | D        | Learned a level 3 spell: Inner Flame
   132 | D        | Noticed Crazy Yiuf
   146 | D        | Reached skill level 6 in Fire Magic
   221 | D        | Killed Crazy Yiuf
   222 | D        | Reached XP level 4. HP: 27/27 MP: 2/10
   314 | D        | Noticed a human
   314 | D        | Noticed a human
   314 | D        | Noticed a water elemental
   322 | D        | Demolished by a human

Illustrated notes

Levels and vault maps discovered:
D:        dungeon_sprint_mu [sprint_mu_entry_cave, sprint_mu_temple_rooms,
          sprint_mu_d1_horrors, sprint_mu_d2_genie, sprint_mu_d3_branching,
          sprint_mu_orc_legion, sprint_mu_elf_gauntlet, sprint_mu_hive_nellie,
          sprint_mu_lair_fedhas, sprint_mu_vaults_butterflies,
          sprint_mu_slime_circle, sprint_mu_swamp_cave, sprint_mu_snake_twists,
          sprint_mu_blade_basic, sprint_mu_crypt_fortress,
          sprint_mu_tomb_spiral, sprint_mu_vestibule_basic,
          sprint_mu_gehenna_hellfire, sprint_mu_dis_giant,
          sprint_mu_tartarus_statrot, sprint_mu_cocytus_islands, sprint_mu_zot1]

Skill      XL: |  1  2  3 |
---------------+----------+-----
Stealth        | 3 4 |  4.2
Spellcasting   | 3 4 |  4.0
Fire Magic     | 5 6 |  6.7
Dodging        | 3 |  3.2
Conjurations   | |  1.3

Action                     |  1- 3 |  4- 6 || total
---------------------------+-------+-------++-------
  Melee: Dagger            |     1 |       ||     1
   Cast: Foxfire           |     8 |       ||     8
         Scorch            |     5 |     5 ||    10
         Inner Flame       |       |     1 ||     1
    Use: Potion            |       |     2 ||     2
  Dodge: Dodged            |     3 |     4 ||     7

Table legend: (Time is in decaauts)
 A = Elapsed time spent in this place.
 B = Non-inter-level travel time spent in this place.
 C = Inter-level travel time spent in this place.
 D = Time resting spent in this place.
 E = Time spent auto-exploring this place.
 F = Levels seen in this place.
 G = Mean time per level.
                   A        B        C        D        E       F      G
               +--------+--------+--------+--------+--------+-----+--------+
         Total |    319 |    319 |      0 |    170 |     32 |   1 |  319.0 |
       Dungeon |    319 |    319 |      0 |    170 |     32 |   1 |  319.0 |
               +--------+--------+--------+--------+--------+-----+--------+

Top non-repeatable levels by time:
       D: 319 daAuts
